Map: Pillars of Gold LE

Players

Vindicta

  • Race: Terran Terran
  • League: Grandmaster
  • Spawn Location: 7:00

Scarlett - Winner!

  • Race: Zerg Zerg
  • Spawn Location: 1:00

Event: DreamHack SC2 Masters 2020 Fall

VOD

Have the link to the VOD?

Description

Time

  • Played on: Sept. 6, 2020, 3:17 p.m.
  • Length: 9:37

All games in this series

Show
View Real Time Build Order
Export as new Build Order

Vindicta Terran 

Build Orders: Hellion Opening, Reaper Expand 

Get SALT Encoding   

  12  0:00  SCV  
  13  0:12  SCV  
  14  0:17  Supply Depot  
  14  0:24  SCV  
  15  0:39  SCV  
  15  0:41  Barracks  
  16  0:45  Refinery  
  16  0:51  SCV  
  17  1:03  SCV  
  18  1:15  SCV  
  19  1:28  Orbital Command, Reaper  
  20  1:44  Command Center  
  20  1:55  SCV, Supply Depot  
  20  1:59  Marine  
  22  2:07  SCV  
  23  2:12  Factory  
  23  2:19  SCV  
  23  2:22  Barracks Reactor  
  24  2:26  Refinery  
  24  2:31  SCV  
  25  2:43  SCV  
  25  2:55  Orbital Command, SCV  
  26  2:59  Starport  
  26  3:05  Hellion x2  
  30  3:07  SCV  
  30  3:09  Marine  
  32  3:16  Supply Depot  
  33  3:20  SCV  
  33  3:21  SCV  
  34  3:27  Barracks Tech Lab  
  34  3:31  Hellion  
  34  3:32  SCV  
  37  3:35  Hellion  
  37  3:37  SCV  
  40  3:43  Viking  
  42  3:49  SCV  
  42  3:51  Stimpack  
  42  3:53  Hellion  
  45  3:57  Hellion  
  45  3:58  SCV  
  48  4:03  Supply Depot  
  48  4:04  SCV  
  49  4:10  SCV  
  50  4:17  SCV  
  50  4:23  Command Center, SCV  
  52  4:27  Supply Depot  
  52  4:31  SCV  
  53  4:35  Factory Reactor  
  53  4:37  SCV  
  54  4:44  Starport Reactor  
  54  4:46  SCV  
  54  4:47  Barracks  
  54  4:49  Barracks, SCV  
  56  4:55  Engineering Bay  
  56  4:57  Engineering Bay  
  56  4:58  SCV  
  57  5:01  SCV  
  57  5:06  Marine  
  59  5:12  Barracks  
  59  5:13  Barracks  
  59  5:15  SCV x2  
  59  5:19  Refinery  
  59  5:20  Factory Tech Lab  
  61  5:24  Marine  
  61  5:27  SCV  
  63  5:28  Terran Infantry Armor Level 1, Terran Infantry Weapons Level 1  
  63  5:34  Combat Shield, Marine  
  64  5:39  Orbital Command  
  64  5:40  Marine  
  64  5:42  Medivac, Marine  
  66  5:45  Medivac  
  70  5:50  Siege Tank  
  70  5:52  SCV  
  70  5:54  Marine  
  70  5:55  Marine  
  76  5:57  Marine  
  76  5:58  Marine  
  76  6:02  Barracks Reactor  
  76  6:04  Barracks Reactor  
  76  6:07  SCV  
  76  6:08  SCV  
  76  6:09  Orbital Command  
  78  6:16  Refinery, Marine x2  
  83  6:19  SCV  
  82  6:27  Barracks  
  82  6:29  Barracks  
  82  6:30  Barracks  
  82  6:31  Marine x2  
  85  6:34  Marine  
  86  6:40  Supply Depot  
  86  6:42  Marine x3  
  86  6:46  SCV  
  88  6:48  Supply Depot  
  88  6:51  Siege Tank  
  88  6:53  Marine  
  93  7:01  Marine x2  
  93  7:02  SCV  
  93  7:06  Medivac  
  93  7:07  Medivac, Marine  
  101  7:12  Armory  
  101  7:15  Supply Depot, Marine x2  
  100  7:18  Marine  
  102  7:23  Siege Tank  
  102  7:24  Marine x2  
  102  7:25  Marine x2  
  102  7:28  Marine  
  109  7:32  Marine x3  
  109  7:34  Marine  
  109  7:35  Marine  
  115  7:37  Marine  
  115  7:39  Supply Depot  
  115  7:40  SCV  
  115  7:43  Marine  
  117  7:45  Marine x3  
  97  7:59  Marine  
  97  8:03  Marine  
  92  8:06  Marine  
  92  8:07  Marine x2  
  92  8:11  Marine  
  96  8:13  Marine  
  96  8:23  Marine  
  96  8:24  Marine  
  96  8:25  Marine x3  
  96  8:26  Marine x4  
  104  8:28  Marine  
  104  8:29  Marine  
  104  8:32  Marine  
  107  8:36  SCV  
  107  8:40  Siege Tank  
  107  8:41  Marine  
  112  8:42  Marine  
  112  8:43  Marine x4  
  112  8:44  Marine  
  112  8:47  Medivac  
  112  8:48  Marine  
  112  8:49  Marine x2  
  112  8:52  Marine  
  112  8:54  Marine  
  116  8:59  Marine  
  113  9:04  Marine x4  
  113  9:07  Marine  
  114  9:15  Marine  
  114  9:16  Marine  
  96  9:17  Marine  
Show
View Real Time Build Order
Export as new Build Order

Scarlett Zerg - Winner!

Build Orders: Hatch First, Muta Ling Bane 

Get SALT Encoding   

  12  0:00  Drone  
  13  0:12  Overlord  
  13  0:17  Drone  
  14  0:30  Drone x2  
  16  0:48  Hatchery  
  15  0:52  Drone  
  15  0:56  Drone  
  17  0:59  Drone  
  18  1:09  Extractor  
  17  1:14  Spawning Pool  
  17  1:18  Drone  
  17  1:21  Drone  
  18  1:28  Drone  
  19  1:39  Drone  
  20  1:50  Overlord  
  20  2:01  Queen x2  
  20  2:02  Zergling x4  
  26  2:11  Drone x2  
  26  2:14  Metabolic Boost  
  28  2:21  Drone  
  29  2:23  Drone  
  30  2:33  Drone  
  31  2:40  Queen  
  34  2:48  Hatchery  
  31  2:52  Overlord  
  31  2:56  Drone  
  31  2:57  Drone  
  33  3:00  Drone  
  33  3:04  Drone  
  35  3:07  Pneumatized Carapace  
  35  3:11  Drone  
  35  3:12  Drone  
  37  3:14  Drone  
  37  3:16  Drone  
  39  3:20  Drone  
  39  3:22  Overlord  
  39  3:25  Drone  
  41  3:27  Drone  
  41  3:31  Drone  
  43  3:36  Overlord  
  43  3:43  Drone x4  
  43  3:44  Zergling x2  
  48  3:48  Zergling x2  
  48  3:49  Zergling x2  
  48  3:51  Queen  
  48  3:55  Zergling x4  
  54  4:00  Queen  
  56  4:09  Drone x5  
  61  4:18  Overlord  
  61  4:19  Drone x4  
  65  4:24  Overlord  
  65  4:34  Overlord x2  
  65  4:37  Extractor, Lair  
  61  4:38  Baneling Nest  
  61  4:39  Drone x4  
  61  4:41  Queen  
  66  4:48  Queen  
  66  4:49  Zergling x2  
  66  4:50  Zergling x4  
  72  4:52  Drone  
  72  4:54  Drone  
  72  4:59  Drone  
  72  5:02  Drone  
  72  5:04  Spore Crawler  
  72  5:09  Drone x5  
  72  5:12  Drone x2  
  79  5:15  Drone x3, Extractor  
  79  5:16  Extractor  
  79  5:20  Overlord  
  79  5:21  Drone x3  
  83  5:37  Spire  
  83  5:38  Drone  
  83  5:39  Drone  
  83  5:41  Hatchery  
  83  5:42  Zergling x12  
  89  5:45  Extractor x2  
  89  5:47  Centrifical Hooks  
  87  5:54  Drone  
  87  5:55  Drone x3, Overseer  
  91  5:59  Overlord  
  91  6:01  Overlord  
  91  6:02  Drone x2  
  93  6:05  Drone x2  
  93  6:07  Evolution Chamber  
  93  6:08  Evolution Chamber  
  93  6:11  Zergling x8  
  97  6:23  Overlord x2  
  97  6:25  Overlord  
  97  6:26  Zergling x4  
  99  6:34  Zerg Ground Armor Level 1, Zerg Melee Weapons Level 1  
  99  6:37  Zergling x2  
  99  6:38  Zergling x18  
  109  6:52  Baneling  
  109  6:53  Zergling x10, Baneling x5  
  114  6:58  Mutalisk  
  114  6:59  Mutalisk  
  118  7:02  Mutalisk  
  118  7:03  Mutalisk x2  
  124  7:10  Mutalisk x2  
  124  7:13  Zergling x14  
  124  7:14  Baneling x2  
  124  7:15  Baneling  
  135  7:17  Baneling  
  135  7:26  Mutalisk  
  135  7:29  Hatchery  
  136  7:31  Zergling x2  
  136  7:32  Zergling x8  
  136  7:34  Overlord x4, Baneling x6  
  136  7:35  Overlord  
  140  7:45  Zergling x8  
  140  7:46  Baneling  
  140  7:47  Baneling x8  
  125  7:58  Mutalisk  
  125  8:02  Zergling x20  
  132  8:10  Mutalisk x2  
  136  8:16  Drone x4  
  136  8:17  Drone x4  
  136  8:19  Extractor  
  141  8:20  Extractor  
  131  8:32  Drone x5  
  136  8:41  Zergling x16  
  136  8:42  Baneling x3  
  136  8:44  Baneling  
  136  8:47  Baneling  
  136  8:48  Baneling x2  
  140  8:52  Zergling x16  
  140  8:54  Baneling x4  
  139  9:05  Baneling x9  
  139  9:06  Zergling x20  
  139  9:07  Zergling x6  
  146  9:16  Zergling x16  

Tags
 
Add a new tag
Caveats
  • Supply blocks, unpowered buildings, or Contaminate may cause inaccurate times.
  • Supply counts are checked every 10 seconds.